 Dungeon Crawl Stone Soup version 0.30.1-11-g7821555f0a (webtiles) character file.

Game seed: 12609628822305022391

332 porpoise the Shooter (level 6, 0/47 HPs)
             Began as a Minotaur Hunter on Dec 27, 2023.
             Was a Follower of Hepliaklqana.
             Killed from afar by a steam dragon (11 damage)
             ... with a ball of steam
             ... on level 5 of the Dungeon.
             The game lasted 00:08:03 (2765 turns).

porpoise the Shooter (Minotaur Hunter)              Turns: 2765, Time: 00:08:03

Health: 0/47       AC: 13    Str: 15    XL:     6   Next: 26%
Magic:  5/5        EV:  8    Int:  6    God:    Hepliaklqana [*.....]
Gold:   233        SH:  0    Dex: 16    Spells: 5/5 levels left

rFire   . . .        a - +0 shortbow
rCold   . . .        (shield currently unavailable)
rNeg    . . .        p - +4 chain mail
rPois   .            (helmet restricted)
rElec   .            (no cloak)
rCorr   .            (no gloves)
SInv    .            (no boots)
Will    .....        (no amulet) Stlth
                     (no ring)
HPRegen 0.27/turn    (no ring)
MPRegen 0.09/turn

%: no passive effects
@: no status effects
A: reduced essence, horns 2, retaliatory headbutt
a: Renounce Religion, Recall Ancestor, Ancestor Identity


You were on level 5 of the Dungeon.
You worshipped Hepliaklqana.
Hepliaklqana was aware of your devotion.
You visited 1 branch of the dungeon, and saw 5 of its levels.

You collected 233 gold pieces.

Inventory:

Hand Weapons
 a - a +0 shortbow (weapon)
 b - a +0 broad axe
 t - a +0 rapier
Missiles
 f - 6 poisoned darts
Armour
 m - a +0 ring mail
 p - a +4 chain mail (worn)
 r - the +0 robe of Shadows and Fog {*Corrode Drain rC+++ rN+++}
   (You found it on level 3 of the Dungeon)

   rC:        It renders you almost immune to cold.
   rN:        It renders you almost immune to negative energy.
   *Corrode:  It may corrode you when you take damage.
   Drain:     It drains your maximum health when unequipped.
Scrolls
 d - a scroll of amnesia
 e - a scroll of vulnerability
 i - 4 scrolls of immolation
 k - a scroll of fog {unknown}
 l - a scroll of teleportation {unknown}
Potions
 c - 2 potions of flight
 g - a potion of lignification {unknown}
 h - a potion of haste {unknown}
 j - 2 potions of might {unknown}
 n - 3 potions of curing
 o - a potion of heal wounds {unknown}
 q - a potion of attraction {unknown}
 s - 3 potions of brilliance


   Skills:
 + Level 4.4 Fighting
 * Level 6.7 Ranged Weapons
 + Level 3.5 Armour
 - Level 2.1 Dodging
 - Level 0.7 Stealth


You had 5 spell levels left.
You didn't know any spells.
Your spell library contained the following spells:

 Spells                   Type           Power      Damage    Failure   Level
 Ensorcelled Hibernation  Hex/Ice        0%         N/A       100%        2
 Passwall                 Tmut/Erth      0%         N/A       100%        2
 Portal Projectile        Hex/Tloc       0%         N/A       100%        3
 Swiftness                Air            0%         N/A       100%        3
 Tukima's Dance           Hex            0%         N/A       100%        3
 Blade Hands              Tmut           0%         N/A       100%        5


Dungeon Overview and Level Annotations

Branches:
Dungeon (5/15)
 Temple: D:4-7

Altars:
Hepliaklqana
Sif Muna
Trog

Shops:
D:3 [


Innate Abilities, Weirdness & Mutations

Your life essence is reduced to manifest your ancestor. (-10% HP)
You have a pair of horns on your head.
You reflexively headbutt those who attack you in melee.


Message History

You kill the adder!
The orc closely misses you. You furiously retaliate!
You headbutt the orc!
You kill the orc!
The orc barely misses you. The steam dragon barely misses you.
The steam dragon claws you but does no damage.
The orc hits you but does no damage. The steam dragon breathes steam at you.
The ball of steam hits you. The orc hits you but does no damage.
The orc hits you with a +0 mace.
* * * LOW HITPOINT WARNING * * *
The orc hits you but does no damage. The orc barely misses you.
The orc wizard hits you but does no damage.
The steam dragon attacks as you move away!
The steam dragon bites you but does no damage.
The steam dragon closely misses you.
The orc is engulfed in a cloud of scalding steam.
The orc dies!
The orc is engulfed in a cloud of scalding steam.
The orc dies!
The orc is engulfed in a cloud of scalding steam.
The orc dies!
The orc wizard is engulfed in a cloud of scalding steam.
You shoot an arrow. The arrow hits the steam dragon.
The steam dragon is severely wounded.
The orc wizard is engulfed in a cloud of scalding steam.
The orc wizard dies!
The orc is engulfed in a cloud of scalding steam.
The orc dies!
The steam dragon bites you.
* * * LOW HITPOINT WARNING * * *
The steam dragon barely misses you.
The steam dragon bites you but does no damage.
The steam dragon claws you but does no damage.
You feel better. The steam dragon bites you. The steam dragon claws you.
* * * LOW HITPOINT WARNING * * *
You shoot an arrow.
The arrow completely misses the steam dragon.
The steam dragon breathes steam at you. The ball of steam hits you!
You die...

#.##.# .#
##....#
#.##.....# .
#.......####.#
#...........#
#..........#
#.........#
#...@)#.##.$
#.))D)..$..#
#.#)..#.####
#...<...#
###...#.#
##.##.# .|. #
... ##...


You could see a steam dragon (catching breath).

Vanquished Creatures
  A phantom (D:4)
  A bullfrog (D:4)
  A howler monkey (D:4)
  9 adders
  3 dart slugs
  4 orcs
  2 bats (D:3)
  4 endoplasms
  3 giant cockroaches
  7 goblins
  8 hobgoblins
  4 jackals (D:3)
  4 quokkas
  4 ball pythons
  4 frilled lizards
  6 kobolds
  2 rats
67 creatures vanquished.

Vanquished Creatures (others)
  An orc wizard (D:5)
  An ancestor (D:5)
  4 orcs (D:5)
6 creatures vanquished.

Grand Total: 73 creatures vanquished

Notes
Turn   | Place    | Note
-------+----------+-------------------------------------------
     0 | D:1      | porpoise the Minotaur Hunter began the quest for the Orb.
     0 | D:1      | Reached XP level 1. HP: 18/18 MP: 0/0
   337 | D:1      | Reached XP level 2. HP: 25/25 MP: 1/1
   445 | D:1      | Reached skill level 1 in Armour
   679 | D:2      | Reached skill level 5 in Ranged Weapons
   749 | D:2      | Reached XP level 3. HP: 30/30 MP: 2/2
   819 | D:2      | Found a bloodstained altar of Trog.
  1709 | D:3      | Reached XP level 4. HP: 36/38 MP: 3/3
  1726 | D:3      | Found Ushun's Antique Armour Emporium.
  1904 | D:3      | Identified the +0 robe of Shadows and Fog {*Corrode Drain
                  | rC+++ rN+++}
  2005 | D:3      | Found a hazy altar of Hepliaklqana.
  2013 | D:3      | Became a worshipper of Hepliaklqana the Forgotten
  2354 | D:4      | Reached XP level 5. HP: 46/46 MP: 4/4
  2393 | D:4      | Noticed a phantom
  2399 | D:4      | Reached skill level 6 in Ranged Weapons
  2411 | D:4      | Killed a phantom
  2412 | D:4      | Reached XP level 6. HP: 42/52 MP: 5/5
  2589 | D:4      | Found a shimmering blue altar of Sif Muna.
  2590 | D:4      | Reached * piety under Hepliaklqana
  2753 | D:5      | Entered Level 5 of the Dungeon
  2753 | D:5      | Noticed a steam dragon
  2765 | D:5      | Killed from afar by a steam dragon

Illustrated notes

Levels and vault maps discovered:
D:1:      shiori_shiawase, layout_loops_cross
D:2:      layout_loops_ring, basic_altar
D:3:      layout_basic, overflow_temple_1_default, serial_shops,
          nicolae_shop_dealshenge, minmay_misc_feat_hallway
D:4:      layout_basic, mainiacjoe_overflow_boulevard
D:5:      layout_loops_ring, minmay_misc_feat_alley, uniq_edmund

Skill      XL: |  1  2  3  4  5 |
---------------+----------------+-----
Armour         | 1 2 3 |  3.5
Ranged Weapons | 5 6 |  6.7
Fighting       | 3 4 |  4.4
Dodging        | |  2.1
Stealth        | |  0.7

Action                     |  1- 3 |  4- 6 || total
---------------------------+-------+-------++-------
  Melee: Spear             |    15 |       ||    15
         Headbutt          |     2 |       ||     2
   Fire: Shortbow          |    76 |   104 ||   180
 Invoke: Ancestor Identity |       |     2 ||     2
    Use: Scroll            |     2 |     3 ||     5
         Potion            |       |     1 ||     1
 Armour: Leather armour    |     2 |       ||     2
         Ring mail         |     1 |       ||     1
         Chain mail        |       |    69 ||    69
  Dodge: Dodged            |    15 |    40 ||    55
